 Dungeon Crawl Stone Soup version 0.32-a0-814-g0968bab (webtiles) character file.

Game seed: 4703229729577243544

351069 Tzeentch the Sorcerer (level 22, -1/128 HPs)
             Began as a Gargoyle Earth Elementalist on Mar 20, 2024.
             Was the Champion of Vehumet.
             Slain by a golden dragon (26 damage)
             ... on level 5 of the Vaults on Mar 22, 2024.
             The game lasted 03:47:23 (51333 turns).

Tzeentch the Sorcerer (GrEE)                       Turns: 51333, Time: 03:47:29

Health: -1/128     AC: 26    Str: 16    XL:     22   Next: 22%
Magic:  40/57      EV: 10    Int: 25    God:    Vehumet [******]
Gold:   1849       SH:  0    Dex:  8    Spells: 19/65 levels left

rFire   . . .        h - staff of earth
rCold   . . .        (no shield)
rNeg    + + .        v - +1 robe of Past Mistakes {Harm rPois rN+ Will+}
rPois   ∞            N - +0 hat "Jeneucyi" {Harm rElec Stlth+}
rElec   +            c - +1 cloak {Will+}
rCorr   .            i - +2 pair of gloves
SInv    .            Z - +1 pair of boots of the Pit {rElec Regen+ Str+2 Dex-2}
Will    +++..        D - amulet of regeneration
Stlth   +++          j - ring of wizardry
HPRegen 2.01/turn    Y - ring of magical power
MPRegen 0.35/turn

%: random rage (3%), harm (+45% outgoing, +30% incoming), wizardry (x1)
@: flying
A: sickness immunity, AC +16, big wings, negative energy resistance 1,
electricity resistance, torment resistance 1, petrification resistance, berserk
1
}: 2/15 runes: serpentine, barnacled
a: Renounce Religion


You were on level 5 of the Vaults.
You worshipped Vehumet.
Vehumet was exalted by your worship.
You visited 7 branches of the dungeon, and saw 36 of its levels.
You also visited: Volcano.

You collected 3795 gold pieces.
You spent 1946 gold pieces at shops.

Inventory:

Missiles
 H - 7 curare-tipped darts (quivered)
Armour
 c - a +1 cloak of willpower (worn)
 e - the +0 fire dragon scales of the Mashing Gods {^Contam Harm rElec rF++ rC- Int+4}
   (You found it on level 5 of the Lair of Beasts)

   Int+4:     It affects your intelligence (+4).
   rF++:      It greatly protects you from fire.
   rC-:       It makes you vulnerable to cold.
   rElec:     It insulates you from electricity.
   ^Contam:   It causes magical contamination when unequipped.
   Harm:      It increases damage dealt and taken.
 i - a +2 pair of gloves (worn)
 m - a +1 hat of willpower
 v - the +1 robe of Past Mistakes (worn) {Harm rPois rN+ Will+}
   (You found it on level 1 of the Vaults)

   rPois:     It protects you from poison.
   rN+:       It protects you from negative energy.
   Will+:     It increases your willpower.
   Harm:      It increases damage dealt and taken.
 N - the +0 hat "Jeneucyi" (worn) {Harm rElec Stlth+}
   (You acquired it on level 2 of the Snake Pit)

   rElec:     It insulates you from electricity.
   Harm:      It increases damage dealt and taken.
   Stlth+:    It makes you more stealthy.
 O - a +2 pair of boots
 Z - the +1 pair of boots of the Pit (worn) {rElec Regen+ Str+2 Dex-2}
   (You found it on level 3 of the Vaults)

   Str+2:     It affects your strength (+2).
   Dex-2:     It affects your dexterity (-2).
   rElec:     It insulates you from electricity.
   Regen+:    It increases your rate of health regeneration.
Magical Staves
 a - the staff of Zin, Freezing {rElec rF+ rC+ Air}
   (You found it on level 5 of the Lair of Beasts)

   [staff of air]

   Base accuracy: +5 Base damage: 5 Base attack delay: 1.2 This weapon's minimum
   attack delay (0.6) is reached at skill level 12.
   rF+:       It protects you from fire.
   rC+:       It protects you from cold.
   rElec:     It insulates you from electricity.
   Air:       It increases the power of your Air spells.
   It falls into the 'Staves' category.
   It is a one-handed weapon.
 h - a staff of earth (weapon)
Jewellery
 j - a ring of wizardry (left hand)
 q - a ring of resist corrosion
 s - a ring of protection from cold
 t - the ring "Nangusudd" {Ice rPois Will+ rCorr}
   (You acquired it on level 1 of the Vaults)

   [ring of ice]

   Ice:       It enhances your ice magic.
   rF-:       It makes you vulnerable to fire.
   rC+:       It protects you from cold.
   rPois:     It protects you from poison.
   Will+:     It increases your willpower.
   rCorr:     It protects you from acid and corrosion.
 w - a +4 ring of protection
 D - an amulet of regeneration (around neck)
 P - the ring of Ignis, Cursing {rPois rCorr Str-3 Dex-4 SInv}
   (You took it off an angel on level 4 of the Shoals)

   [ring of resist corrosion]

   Str-3:     It affects your strength (-3).
   Dex-4:     It affects your dexterity (-4).
   rPois:     It protects you from poison.
   SInv:      It lets you see invisible.
   rCorr:     It protects you from acid and corrosion.
 Y - a ring of magical power (right hand)
Wands
 b - a wand of roots (18)
 k - a wand of flame (49)
 p - a wand of mindburst (17)
 C - a wand of digging (39)
 I - a wand of polymorph (21)
 R - a wand of paralysis (6)
 S - a wand of light (5)
Scrolls
 o - 5 scrolls of fear
 r - 2 scrolls of poison
 y - 2 scrolls of amnesia
 E - 3 scrolls of fog
 F - 4 scrolls of revelation
 G - 6 scrolls of enchant weapon
 J - 6 scrolls of blinking
 K - 4 scrolls of teleportation
 T - 16 scrolls of identify
 X - a scroll of summoning
Potions
 d - 17 potions of curing
 f - a potion of enlightenment
 u - 3 potions of magic
 x - 2 potions of berserk rage
 z - 5 potions of brilliance
 A - 7 potions of might
 B - 4 potions of ambrosia
 L - 2 potions of resistance
 M - 6 potions of heal wounds
 U - 2 potions of haste
 W - a potion of invisibility
Miscellaneous
 g - a lightning rod (4/4)
 l - a phantom mirror
 Q - a phial of floods
 V - a sack of spiders


   Skills:
 - Level 10.3 Fighting
 - Level 0.5 Short Blades
 - Level 4.8 Maces & Flails
 - Level 0.3 Polearms
 - Level 0.1 Throwing
 - Level 1.5 Dodging
 - Level 4.0 Stealth
 + Level 22.1 Spellcasting
 - Level 7.3 Conjurations
 * Level 19.3 Summonings
 - Level 0.1 Translocations
 - Level 9.0 Ice Magic
 - Level 21.3 Earth Magic
 - Level 0.2 Alchemy
 - Level 2.2 Evocations


You had 19 spell levels left.
You knew the following spells:

 Your Spells              Type           Power      Damage    Failure   Level
a - Sandblast             Erth           100%       2d20      0%          1
b - Stone Arrow           Conj/Erth      100%       3d13      0%          3
c - Passwall              Erth           100%       N/A       0%          3
d - Lee's Rapid Deconstr  Erth           58%        3d27*     0%          5
e - Leda's Liquefaction   Alch/Erth      44%        N/A       1%          4
f - Permafrost Eruption   Ice/Erth       50%        2x4d14    1%          6
g - Petrify               Alch/Erth      89%        N/A       1%          4
h - Shatter               Erth           58%        3d43*     2%          9
i - Iskenderun's Mystic   Conj/Tloc      46%        2d10      1%          4
k - Summon Hydra          Summ           45%        N/A       1%          7

Your spell library contained the following spells:

 Spells                   Type           Power      Damage    Failure   Level
 Polar Vortex             Ice            32%        12d4*     92%         9
 Maxwell's Capacitive Co  Air            13%        ∞         99%         8
 Summon Small Mammal      Summ           100%       N/A       0%          1
 Call Canine Familiar     Summ           90%        N/A       0%          3
 Animate Armour           Summ/Erth      100%       N/A       0%          4
 Apportation              Tloc           56%        N/A       1%          1
 Freeze                   Ice            100%       1d10      1%          1
 Necrotise                Necr           100%       1d9       1%          1
 Slow                     Hex            100%       N/A       1%          1
 Sting                    Conj/Alch      100%       1d9       1%          1
 Blink                    Tloc           56%        N/A       1%          2
 Ensorcelled Hibernation  Hex/Ice        100%       N/A       1%          2
 Jinxbite                 Hex            54%        N/A       1%          2
 Lesser Beckoning         Tloc           56%        N/A       1%          2
 Mercury Vapours          Alch/Air       56%        N/A       1%          2
 Momentum Strike          Conj/Tloc      92%        3d10      1%          2
 Confusing Touch          Hex            27%        N/A       1%          3
 Fugue of the Fallen      Necr           27%        N/A       1%          3
 Gell's Gravitas          Tloc           28%        N/A       1%          3
 Inner Flame              Hex/Fire       27%        N/A       1%          3
 Mephitic Cloud           Conj/Alch/Air  40%        N/A       1%          3
 Ozocubu's Armour         Ice            64%        N/A       1%          3
 Teleport Other           Tloc           28%        N/A       1%          3
 Vampiric Draining        Necr           27%        2d7       1%          3
 Volatile Blastmotes      Fire/Tloc      56%        2d14      1%          3
 Brom's Barrelling Bould  Conj/Erth      99%        2d11      1%          4
 Fulminant Prism          Conj/Alch      23%        3d12      1%          4
 Olgreb's Toxic Radiance  Alch           28%        N/A       1%          4
 Summon Lightning Spire   Summ/Air       66%        N/A       1%          4
 Freezing Cloud           Conj/Ice/Air   26%        6-21      1%          5
 Irradiate                Conj/Alch      23%        3d19      1%          5
 Summon Forest            Summ/Tloc      33%        N/A       1%          5
 Summon Mana Viper        Hex/Summ       66%        N/A       1%          5
 Summon Cactus Giant      Summ           45%        N/A       1%          6
 Monstrous Menagerie      Summ           45%        N/A       1%          7
 Ozocubu's Refrigeration  Ice            32%        4d14      3%          7
 Lehudib's Crystal Spear  Conj/Erth      49%        10d12     3%          8
 Yara's Violent Unravell  Hex/Alch       14%        3d7       4%          5
 Anguish                  Hex/Necr       13%        N/A       6%          4
 Manifold Assault         Tloc           28%        N/A       6%          4
 Passage of Golubria      Tloc           28%        N/A       6%          4
 Alistair's Intoxication  Alch           18%        N/A       14%         5
 Silence                  Hex/Air        13%        N/A       16%         5
 Eringya's Noxious Bog    Alch           14%        4d6       19%         6
 Dragon's Call            Summ           45%        N/A       21%         9
 Dispersal                Tloc           14%        N/A       61%         6
 Enfeeble                 Hex            13%        N/A       99%         7
 Ignition                 Fire           13%        3d6       99%         8
 Chain Lightning          Conj/Air       23%        3d30      99%         9
 Fire Storm               Conj/Fire      23%        8d6       99%         9
 Discord                  Hex            13%        N/A       100%        8


Dungeon Overview and Level Annotations

Branches:
Dungeon (15/15)            Temple (1/1) D:7            Lair (5/5) D:10
 Shoals (4/4) Lair:2        Snake (4/4) Lair:3        Slime (0/5) Lair:5
    Orc (2/2) D:10            Elf (0/3) Orc:2        Vaults (5/5) D:14
  Crypt (0/3) Vaults:3     Depths (0/4) D:15        Volcano (visited)

Altars:
Ashenzari
Cheibriados
Dithmenos
Elyvilon
Fedhas
Gozag
Hepliaklqana
Kikubaaqudgha
Makhleb
Nemelex Xobeh
Okawaru
Qazlal
Ru
Sif Muna
Trog
Uskayaw
Vehumet
Wu Jian
Xom
Yredelemnul
Zin
The Shining One
Beogh
Jiyva

Shops:
D:1 [   D:7 !   Orc:2 [(=*   Snake:2 *   Snake:3 **   Vaults:1 :

Portals:
Abyss: D:4
Trove: Vaults:3 (give horn of Geryon)

Annotations:
D:4 2 transporters, ray2's ghost, amateur CoWr
Vaults:1 2 transporters


Innate Abilities, Weirdness & Mutations

You are immune to sickness and miasma.
Your stone body is resilient. (AC +16)
You are immune to poison.
Your large and strong wings let you fly.
You resist negative energy. (rN+)
You are resistant to electric shocks. (rElec)
You are resistant to unholy torment.
You are immune to petrification.
You sometimes lose your temper in combat.


Message History

You feel your power returning.
The sphinx is heavily wounded.
Ka-crash!
You hear two shouts!
You hear a shout! x2
A cyan very ugly thing comes into view.
A titan comes into view.
The tengu reaver gestures at you while chanting.
The bolt of fire hits you!!
* * * LOW HITPOINT WARNING * * *
Casting: Shatter (dangerous; 2% risk of failure)
Confirm with . or Enter, or press ? or * to list all spells.
You feel a surge of power!
The dungeon rumbles!
The golden dragon is almost dead.
The tengu reaver is almost dead.
You kill the sphinx!
Vehumet accepts your kill.
You feel your power returning.
The cyan very ugly thing is moderately wounded.
You kill the titan!
Vehumet accepts your kill.
You feel your power returning.
You hear a shout! x6; You hear a screech!
An ogre mage comes into view. It is wielding a +0 spear.
The golden dragon barely misses you. The golden dragon closely misses you.
The golden dragon tramples you.
* * * LOW HITPOINT WARNING * * *
You hold your ground!
The tengu reaver points at you and mumbles some strange words.
The bolt of negative energy hits you. You partially resist.
You feel drained.
* * * LOW HITPOINT WARNING * * *
Your life force feels restored.
Casting: Shatter (dangerous; 2% risk of failure)
Confirm with . or Enter, or press ? or * to list all spells.
Okay, then.
As you read the scroll of fear, it crumbles to dust.
You assume a fearsome visage.
The tengu reaver looks frightened!
The golden dragon resists with almost no effort.
The ogre mage easily resists.
The cyan very ugly thing resists with some effort.
A sphinx comes into view.
The golden dragon bites you!!
You die...

|......#..!.# )
...........##
..#.....u.#..)$
.....)).....(..
#....)))..... .
..Q)....)..#...
...).<<.D......
.).)<..@.))....
..)..<<..).....
...)...))......
.#..)).)...#...
#.....)........
)...........#..
........#O#[# #
..##....#...H


You could see a golden dragon (catching breath), a cyan very ugly thing, a
sphinx, a tengu reaver (repels missiles, fleeing) and an ogre mage.

Vanquished Creatures
  A dread lich (Vaults:5)
  Sojobo (Vaults:3)
  Bai Suzhen (Snake:4)
  Saint Roka (Snake:4)
  Norris (Vaults:2)
  Jorgrun (Shoals:2)
  A titan (Vaults:5)
  A sphinx (Vaults:5)
  Polyphemus (Shoals:4)
  An ancient champion (Vaults:3)
  Gastronok (D:8)
  2 tengu reavers (Vaults:3)
  A fire giant (Vaults:4)
  10 nagarajas
  A frost giant (Vaults:4)
  12 vault wardens
  An angel (Shoals:4)
  2 orc warlords
  19 ironbound preservers
  The ghost of Huckle the Eclecticist, a journeyman DEGl of Sif Muna (Snake:1)
  A very ugly thing (Vaults:4)
  2 stone giants
  An apis (Shoals:4)
  2 formless jellyfish (Vaults:3)
  4 ironbound thunderhulks
  A deep elf demonologist (Vaults:4)
  8 dire elephants
  A deep elf annihilator (Vaults:5)
  2 war gargoyles (Vaults:3)
  3 crystal guardians
  A deep elf high priest (Vaults:4)
  3 entropy weavers
  A fire dragon (Volcano)
  7 merfolk javelineers (Shoals:4)
  6 yaktaur captains
  A rakshasa (D:15)
  31 vault guards
  9 merfolk impalers
  5 hydras
  5 salamander tyrants
  5 great orbs of eyes
  2 catoblepae
  2 peacekeepers
  Erica (D:10)
  3 ogre magi
  6 merfolk avatars
  2 satyrs
  6 boulder beetles
  11 anacondas
  16 two-headed ogres
  10 ironbound frosthearts
  A tengu warrior (D:15)
  3 merfolk aquamancers (Shoals:4)
  An orc high priest (Orc:2)
  9 centaur warriors
  20 death yaks
  A deep troll earth mage (Vaults:1)
  17 naga sharpshooters
  The ghost of aor the Mimic, a novice OpMo of Qazlal (D:8)
  2 occultists (D:15)
  Nergalle (D:10)
  16 naga warriors
  6 shock serpents
  3 salamander mystics
  17 sea snakes
  5 skeletal warriors (Vaults:3)
  9 skysharks
  Amaemon (D:8)
  38 deep trolls
  A fire crab (Lair:4)
  A glowing orange brain (Vaults:1)
  11 mana vipers
  3 cherubim (Shoals:4)
  Lodul (D:9)
  6 arcanists
  2 necromancers
  A deep elf archer (D:14)
  7 naga ritualists
  7 lindwurms
  A wolf spider zombie (D:15)
  29 harpies
  13 ironbound convokers
  An oklob plant (Lair:2)
  19 ugly things
  2 deep elf zephyrmancers (D:15)
  10 manticores
  4 orc sorcerers
  An obsidian bat (Orc:2)
  2 orc knights
  13 fauns
  4 deep elf pyromancers
  A shining eye (shapeshifter) (Vaults:1)
  5 cyclopes
  5 human skeletons (Vaults:3)
  13 salamanders
  A tengu skeleton (Vaults:3)
  12 vault sentinels
  A guardian serpent (Snake:3)
  36 black mambas
  8 merfolk sirens
  7 kobold blastminers
  A torpor snail (Lair:5)
  17 naga magi
  An ice statue (Lair:2)
  A fire giant skeleton (Vaults:3)
  2 water nymphs
  2 unseen horrors (D:11)
  3 gargoyles (D:14)
  15 cane toads
  An orange demon (D:8)
  A kobold demonologist (D:12)
  13 komodo dragons
  A yaktaur (shapeshifter) (Vaults:4)
  Maggie (Lair:2)
  24 yaktaurs
  2 rime drakes
  2 efreet (D:14)
  2 tengu conjurers (D:14)
  2 yaktaur skeletons (Vaults:3)
  8 trolls
  19 merfolk
  An elf skeleton (Vaults:3)
  8 wind drakes
  3 tyrant leeches
  3 polar bears
  2 hornets
  23 blink frogs
  A tarantella (shapeshifter) (D:13)
  27 dream sheep
  A harpy skeleton (D:15)
  9 snapping turtles
  27 slime creatures
  An ettin skeleton (Vaults:3)
  A centaur simulacrum (D:15)
  6 water elementals
  2 shadows
  8 wyverns
  2 wraiths (D:14)
  A human (D:14)
  5 fire bats (Volcano)
  50 yaks
  4 basilisks
  A redback (Vaults:4)
  2 steam dragons (Volcano)
  9 wargs
  2 death yak simulacra (D:13)
  9 vampire mosquitoes
  A harpy simulacrum (D:15)
  41 nagas
  3 acid dragons
  15 water moccasins
  31 orc warriors
  2 ice beasts
  4 black bears (D:10)
  A sky beast (D:8)
  16 wolves
  6 centaurs
  27 ogres
  3 phantoms
  4 kobold brigands (D:9)
  A wyvern zombie (D:8)
  5 gnoll sergeants
  18 bullfrogs
  4 scorpions
  6 wights
  8 killer bees
  An elephant simulacrum (D:13)
  2 howler monkeys (D:8)
  15 electric eels
  A bombardier beetle (D:6)
  A centaur zombie (D:8)
  3 lava snakes (Lair:3)
  10 hounds
  2 jellies (D:6)
  15 orc priests
  Crazy Yiuf (D:7)
  5 gnoll boudas
  5 iguanas
  2 sleepcaps
  20 orc wizards
  A spriggan simulacrum (D:13)
  A boggart skeleton (D:15)
  3 troll simulacra (D:13)
  10 adders
  46 gnolls
  A naga simulacrum (D:13)
  A white imp (D:6)
  A ribbon worm (D:3)
  4 dart slugs
  67 orcs
  10 ball pythons
  6 endoplasms
  6 giant cockroaches
  7 goblins
  4 hobgoblins
  7 jackals
  3 quokkas
  3 bats
  4 frilled lizards
  19 kobolds
  5 rats
1411 creatures vanquished.

Vanquished Creatures (collateral kills)
  The ghost of Eqogoitu the Earth Mage, an adept DEEE of Vehumet (Snake:3)
  A very ugly thing (D:15)
  Josephine (D:13)
  A vault guard (D:14)
  3 two-headed ogres
  3 naga warriors (Snake:4)
  2 shock serpents
  A salamander mystic (Snake:4)
  2 mana vipers
  3 naga ritualists
  2 orc knights (Orc:2)
  A manticore (Shoals:4)
  3 salamanders
  An ugly thing (D:12)
  5 black mambas
  A centaur skeleton (D:15)
  A nameless horror (Snake:1)
  An efreet (D:15)
  2 freezing wraiths
  2 trolls
  6 slime creatures
  A water elemental (Shoals:4)
  A wraith (D:13)
  3 yaks
  2 vampire mosquitoes (D:13)
  A naga (Snake:4)
  10 orc warriors
  3 orc wizards
  7 orcs (Orc:2)
71 creatures vanquished.

Vanquished Creatures (others)
  A spectral weapon (D:14)
1 creature vanquished.

Grand Total: 1483 creatures vanquished

Notes
Turn   | Place    | Note
-------+----------+-------------------------------------------
     0 | D:1      | Tzeentch the Gargoyle Earth Elementalist began the quest
                  | for the Orb.
     0 | D:1      | Reached XP level 1. HP: 10/10 MP: 3/3
   113 | D:1      | Reached XP level 2. HP: 12/15 MP: 3/5
   225 | D:1      | You fall into a shaft and drop 1 floor!
   243 | D:2      | Reached XP level 3. HP: 19/19 MP: 2/6
   247 | D:2      | Learned a level 3 spell: Stone Arrow
   545 | D:1      | Found a faded altar of an unknown god.
   566 | D:1      | Found Geriw's Antique Armour Shoppe.
   593 | D:1      | Reached skill level 5 in Earth Magic
  1239 | D:2      | Reached XP level 4. HP: 24/24 MP: 1/7
  1774 | D:2      | Learned a level 3 spell: Passwall
  2378 | D:2      | Reached XP level 5. HP: 12/28 MP: 3/8
  3171 | D:4      | Found a one-way gate to the infinite horrors of the Abyss.
  3171 | D:4      | Noticed ray2's ghost (amateur CoWr)
  3172 | D:4      | Noticed a small abomination
  3175 | D:4      | Noticed a small abomination
  3222 | D:5      | Entered Level 5 of the Dungeon
  3280 | D:5      | Noticed an ogre
  3284 | D:4      | Noticed a phantom
  3290 | D:5      | Killed a phantom
  3291 | D:5      | Reached XP level 6. HP: 32/32 MP: 2/9
  3552 | D:4      | Found a white marble altar of Elyvilon.
  3561 | D:4      | Found a sparkling altar of Nemelex Xobeh.
  3608 | D:4      | Found a transporter.
  3617 | D:4      | Found a transporter.
  3784 | D:4      | Noticed an ice beast
  3806 | D:4      | Killed an ice beast
  3960 | D:5      | Reached XP level 7. HP: 37/37 MP: 7/10
  4135 | D:5      | Reached skill level 1 in Fighting
  4135 | D:5      | Reached skill level 3 in Spellcasting
  4589 | D:5      | Found an opulent altar of Gozag.
  4868 | D:6      | Reached skill level 4 in Spellcasting
  5028 | D:6      | Reached XP level 8. HP: 45/45 MP: 9/15
  5090 | D:6      | Reached skill level 5 in Spellcasting
  5273 | D:6      | Found a shadowy altar of Dithmenos.
  5445 | D:6      | Reached skill level 6 in Spellcasting
  6022 | D:6      | Learned a level 5 spell: Lee's Rapid Deconstruction
  6084 | D:6      | Reached XP level 9. HP: 28/52 MP: 19/19
  6492 | D:7      | Reached skill level 10 in Earth Magic
  6595 | D:7      | Found a staircase to the Ecumenical Temple.
  6598 | D:7      | Reached XP level 10. HP: 24/58 MP: 4/20
  6603 | Temple   | Entered the Ecumenical Temple
  6714 | Temple   | Became a worshipper of Vehumet
  6725 | Temple   | Learned a level 4 spell: Leda's Liquefaction
  6880 | D:7      | Reached skill level 5 in Fighting
  7306 | D:7      | Identified the +9 whip of Prudence {spect, ^Drain rC+
                  | rN+++}
  7390 | D:7      | Found Qim Aha's Distillery.
  7394 | D:7      | Bought a potion of heal wounds for 70 gold pieces
  7394 | D:7      | Bought a potion of magic for 112 gold pieces
  7394 | D:7      | Bought a potion of curing for 42 gold pieces
  7394 | D:7      | Bought a potion of curing for 42 gold pieces
  7438 | D:7      | Found a runed translucent door.
  7439 | D:7      | Noticed Crazy Yiuf
  7567 | D:7      | Found a stormy altar of Qazlal.
  7648 | D:7      | Reached * piety under Vehumet
  7648 | D:7      | Offered knowledge of Kiss of Death by Vehumet.
  8036 | D:7      | Killed Crazy Yiuf
  8137 | D:8      | Reached skill level 1 in Ice Magic
  8188 | D:8      | Found a glowing silver altar of Zin.
  8399 | D:8      | Noticed an orange demon
  8399 | D:8      | Noticed Amaemon
  8404 | D:8      | Killed an orange demon
  8739 | D:8      | Noticed Gastronok
  8740 | D:8      | Reached XP level 11. HP: 55/64 MP: 13/21
  8758 | D:8      | Killed Gastronok
  8917 | D:8      | Found a runed translucent gate.
  8917 | D:8      | Found a runed translucent gate.
  8917 | D:8      | Found a runed translucent gate.
  8917 | D:8      | Noticed aor's ghost (novice OpMo)
  8919 | D:8      | Found a basalt altar of Yredelemnul.
  9257 | D:8      | Killed Amaemon
  9484 | D:8      | Killed aor's ghost
  9667 | D:9      | Learned a level 6 spell: Permafrost Eruption
  9741 | D:9      | Reached skill level 5 in Ice Magic
  9906 | D:9      | Found a bloodstained altar of Trog.
 10126 | D:9      | Offered knowledge of Sting by Vehumet.
 10320 | D:9      | Reached ** piety under Vehumet
 10578 | D:10     | Entered Level 10 of the Dungeon
 10578 | D:10     | Noticed Lodul
 10750 | D:10     | Noticed Nergalle
 10759 | D:9      | Killed Lodul
 10884 | D:10     | Killed Nergalle
 10917 | D:10     | Found a hazy altar of Hepliaklqana.
 11166 | D:10     | Found a staircase to the Lair.
 11192 | D:10     | Offered knowledge of Mephitic Cloud by Vehumet.
 11260 | D:10     | Reached XP level 12. HP: 75/75 MP: 17/22
 11363 | D:10     | Noticed Erica
 11372 | D:10     | Killed Erica
 11372 | D:10     | Noticed a two-headed ogre
 11393 | D:10     | Killed a two-headed ogre
 12070 | D:10     | Found a staircase to the Orcish Mines.
 12201 | Lair:1   | Entered Level 1 of the Lair of Beasts
 12298 | Lair:1   | Upgraded the game from 0.32-a0-792-g3d70bf0 to
                  | 0.32-a0-799-g95e1662
 12360 | Lair:1   | Reached skill level 10 in Fighting
 12519 | Lair:1   | Reached *** piety under Vehumet
 12729 | Lair:1   | Reached skill level 7 in Spellcasting
 13188 | Lair:1   | Reached skill level 8 in Spellcasting
 13191 | Lair:1   | Offered knowledge of Airstrike by Vehumet.
 13614 | Lair:1   | Learned a level 4 spell: Petrify
 13827 | Lair:2   | Reached skill level 9 in Spellcasting
 13984 | Lair:2   | Noticed a catoblepas
 13996 | Lair:2   | Killed a catoblepas
 13996 | Lair:2   | Reached **** piety under Vehumet
 13997 | Lair:2   | Reached XP level 13. HP: 79/82 MP: 4/26
 14448 | Lair:2   | Reached skill level 10 in Spellcasting
 14945 | Lair:1   | Offered knowledge of Hailstorm by Vehumet.
 15041 | Lair:1   | Learned a level 4 spell: Brom's Barrelling Boulder
 15144 | Lair:2   | Noticed Maggie
 15147 | Lair:2   | Killed Maggie
 15570 | Lair:2   | Reached skill level 11 in Spellcasting
 15869 | Lair:2   | Learned a level 4 spell: Iskenderun's Mystic Blast
 16064 | Lair:2   | Upgraded the game from 0.32-a0-799-g95e1662 to
                  | 0.32-a0-814-g0968bab
 16850 | Lair:3   | Found a staircase to the Snake Pit.
 17287 | Lair:3   | Reached skill level 12 in Spellcasting
 18587 | Lair:4   | Reached skill level 1 in Maces & Flails
 18590 | Lair:4   | Gained mutation: Your large and strong wings let you fly.
                  | [Gargoyle growth]
 18590 | Lair:4   | Reached XP level 14. HP: 88/88 MP: 17/30
 18791 | Lair:4   | Reached ***** piety under Vehumet
 18844 | Lair:4   | HP: 2/88 [something (12)]
 18956 | Lair:4   | Offered knowledge of Flame Wave by Vehumet.
 19113 | Lair:4   | Reached skill level 5 in Conjurations
 19409 | Lair:5   | Entered Level 5 of the Lair of Beasts
 19773 | Lair:5   | Reached skill level 1 in Summonings
 19916 | Lair:5   | Found a dark tunnel.
 19932 | Volcano  | Entered a volcano
 20133 | Volcano  | Reached skill level 13 in Spellcasting
 21976 | Lair:5   | Found a viscous altar of Jiyva.
 21976 | Lair:5   | Found a staircase to the Slime Pits.
 22044 | Lair:5   | Offered knowledge of Plasma Beam by Vehumet.
 22047 | Lair:5   | Reached skill level 5 in Summonings
 22539 | Lair:5   | Reached XP level 15. HP: 92/92 MP: 6/32
 23129 | Lair:5   | Identified the +0 fire dragon scales of the Mashing Gods
                  | {^Contam Harm rElec rF++ rC- Int+4}
 23133 | Lair:5   | Identified the staff of Zin, Freezing {rElec rF+ rC+ Air}
 23162 | Lair:5   | Learned a level 4 spell: Animate Armour
 24047 | Orc:1    | Entered Level 1 of the Orcish Mines
 24220 | Orc:1    | Reached skill level 1 in Evocations
 24597 | Orc:2    | Entered Level 2 of the Orcish Mines
 24597 | Orc:2    | Noticed an orc warlord
 24694 | Orc:1    | Killed an orc warlord
 24930 | Orc:2    | Found a roughly hewn altar of Beogh.
 25037 | Orc:2    | Found a staircase to the Elven Halls.
 25070 | Orc:2    | Found a roughly hewn altar of Beogh.
 25096 | Orc:2    | Offered knowledge of Bombard by Vehumet.
 25207 | Orc:2    | Found a roughly hewn altar of Beogh.
 25322 | Orc:2    | Found Ydeoth's Assorted Antiques.
 25330 | Orc:2    | Identified a scroll of acquirement
 25330 | Orc:2    | Acquired the Encyclopedia of Congelation and Accomplices
 25332 | Orc:2    | Bought a runed cloak for 240 gold pieces
 25332 | Orc:2    | Bought 2 scrolls of identify for 128 gold pieces
 25332 | Orc:2    | Bought a scroll of blinking for 240 gold pieces
 25332 | Orc:2    | Bought a scroll of identify for 64 gold pieces
 25332 | Orc:2    | Bought a scroll of enchant armour for 240 gold pieces
 26033 | Orc:2    | Noticed an orc warlord
 26037 | Orc:2    | Killed an orc warlord
 26084 | Orc:2    | Found Keilac's Antique Weapon Shop.
 26085 | Orc:2    | Found a roughly hewn altar of Beogh.
 26088 | Orc:2    | Found Iwitz's Antique Armour Boutique.
 26166 | Orc:2    | Found a roughly hewn altar of Beogh.
 26168 | Orc:2    | Found Cysmecir's Jewellery Boutique.
 26176 | Orc:2    | Bought a ring of wizardry for 480 gold pieces
 26309 | Orc:2    | Found a roughly hewn altar of Beogh.
 26446 | Orc:2    | Found a roughly hewn altar of Beogh.
 26859 | D:11     | Reached skill level 14 in Spellcasting
 27959 | D:12     | Offered knowledge of Fireball by Vehumet.
 29855 | D:14     | Noticed Josephine
 29866 | D:13     | Reached XP level 16. HP: 98/98 MP: 9/34
 29869 | D:13     | Killed Josephine
 30288 | D:14     | Reached skill level 15 in Spellcasting
 30924 | D:14     | Found a gate to the Vaults.
 31115 | D:15     | Entered Level 15 of the Dungeon
 31125 | D:15     | Reached skill level 10 in Summonings
 31837 | D:15     | Offered knowledge of Arcjolt by Vehumet.
 31878 | D:15     | Found a staircase to the Depths.
 32242 | Shoals:1 | Entered Level 1 of the Shoals
 33197 | Shoals:2 | Noticed Jorgrun
 33283 | Shoals:3 | Reached XP level 17. HP: 103/103 MP: 21/36
 33796 | Shoals:2 | Killed Jorgrun
 35301 | Shoals:3 | Identified the +7 trident of Kuwkioj {venom, rF+}
 35714 | Shoals:4 | Entered Level 4 of the Shoals
 35738 | Shoals:4 | Noticed Polyphemus
 35742 | Shoals:4 | Killed Polyphemus
 35942 | Shoals:4 | Reached skill level 15 in Summonings
 36028 | Shoals:4 | Offered knowledge of Starburst by Vehumet.
 36028 | Shoals:4 | Identified the ring of Ignis, Cursing {rPois rCorr Str-3
                  | Dex-4 SInv}
 36638 | Shoals:4 | Reached XP level 18. HP: 104/108 MP: 24/37
 36647 | Shoals:4 | Identified the staff of the Distant Future {rN+ Will+
                  | Necro}
 37058 | Shoals:4 | Found a white marble altar of Elyvilon.
 37364 | Shoals:4 | Found a glowing golden altar of the Shining One.
 37378 | Shoals:4 | Got a barnacled rune of Zot
 37443 | Shoals:4 | Found a glowing silver altar of Zin.
 37742 | Lair:3   | Learned a level 7 spell: Summon Hydra
 37743 | Snake:1  | Entered Level 1 of the Snake Pit
 37830 | Snake:1  | Found a runed translucent door.
 37833 | Snake:1  | Noticed Huckle's ghost (journeyman DEGl)
 38565 | Snake:1  | Offered knowledge of Orb of Destruction by Vehumet.
 38568 | Snake:1  | Reached ****** piety under Vehumet
 38927 | Snake:1  | Killed Huckle's ghost
 39603 | Snake:2  | Acquired the +0 hat "Jeneucyi" {Harm rElec Stlth+}
 39621 | Snake:2  | Acquired a book of Annihilations
 39625 | Snake:2  | Acquired a staff of earth
 40393 | Snake:2  | Found Muopp's Assorted Antiques.
 40397 | Snake:2  | Bought a scroll of teleportation for 69 gold pieces
 40397 | Snake:2  | Bought a potion of might for 92 gold pieces
 40397 | Snake:2  | Bought a potion of heal wounds for 115 gold pieces
 40722 | Snake:3  | Offered knowledge of Polar Vortex by Vehumet.
 40722 | Snake:3  | Offered knowledge of Maxwell's Capacitive Coupling by
                  | Vehumet.
 40731 | Snake:3  | Reached skill level 16 in Spellcasting
 40941 | Snake:3  | Found a transporter.
 40949 | Snake:3  | Noticed Eqogoitu's ghost (adept DEEE)
 40958 | Snake:3  | Found a transporter.
 41000 | Snake:3  | Found Zahew's CLEARANCE SALE!.
 41003 | Snake:3  | Bought a scroll of amnesia for 12 gold pieces
 41165 | Snake:3  | Reached XP level 19. HP: 112/112 MP: 32/39
 41422 | Snake:3  | Identified the +1 robe "Jaotwi Legg" {Regen+}
 41426 | Snake:3  | Found Doileot's General Store.
 41696 | Snake:3  | Killed Eqogoitu's ghost
 41830 | Snake:4  | Entered Level 4 of the Snake Pit
 42570 | Snake:4  | Identified the +0 scale mail "Heiclatu" {rF+ rC+}
 42658 | Snake:4  | Noticed Saint Roka
 42665 | Snake:4  | Killed Saint Roka
 42665 | Snake:4  | Noticed Bai Suzhen
 42678 | Snake:4  | Killed Bai Suzhen
 43028 | Snake:4  | Reached skill level 17 in Spellcasting
 43524 | Snake:4  | Got a serpentine rune of Zot
 44000 | Lair:2   | Identified the ring of Vunuized {Ice Fly rElec Dex+4
                  | Slay+2}
 44004 | Lair:2   | Identified the +1 rapier of Vil Dod {protect, rC++}
 44007 | Lair:2   | Identified the +0 plate armour of Ruune {rCorr}
 44213 | D:14     | Learned a level 9 spell: Shatter
 44215 | D:14     | Gained mutation: You sometimes lose your temper in combat.
                  | [mutagenic glow]
 44269 | Vaults:1 | Entered Level 1 of the Vaults
 44285 | Vaults:1 | Found Gauzxaom's Book Shop.
 44509 | Vaults:1 | Reached XP level 20. HP: 118/118 MP: 9/41
 45414 | Vaults:1 | You are sucked into a shaft and drop 1 floor!
 45428 | Vaults:2 | Reached skill level 18 in Spellcasting
 46145 | Vaults:2 | Noticed Norris
 46148 | Vaults:2 | Killed Norris
 46954 | Vaults:2 | Reached skill level 19 in Spellcasting
 47906 | Vaults:1 | Acquired the ring "Nangusudd" {Ice rPois Will+ rCorr}
 48093 | Vaults:1 | Identified the +1 robe of Past Mistakes {Harm rPois rN+
                  | Will+}
 48162 | Vaults:1 | Found a transporter.
 48180 | Vaults:1 | Found a transporter.
 48183 | Vaults:1 | Reached XP level 21. HP: 123/123 MP: 44/44
 48269 | Vaults:1 | Identified the +5 helmet of the Baleful God {+Inv MP-9
                  | Str+5 Dex-2}
 48318 | Vaults:1 | Identified the +9 scimitar of Ignis, Imbibing {flame, rElec
                  | Str+2}
 48805 | Vaults:3 | Reached skill level 20 in Spellcasting
 49230 | Vaults:3 | Identified the +1 pair of boots of the Pit {rElec Regen+
                  | Str+2 Dex-2}
 49286 | Vaults:3 | Identified the storm talisman of Yredelemnul's Pride {rN+
                  | Dex+2}
 49286 | Vaults:3 | Noticed Sojobo
 49292 | Vaults:3 | Killed Sojobo
 49968 | Vaults:3 | Reached skill level 21 in Spellcasting
 49968 | Vaults:3 | Found a staircase to the Crypt.
 50157 | Vaults:3 | Found a portal to a secret trove of treasure.
 51325 | Vaults:5 | Entered Level 5 of the Vaults
 51325 | Vaults:5 | Noticed a golden dragon
 51327 | Vaults:5 | Reached XP level 22. HP: 128/128 MP: 47/47
 51327 | Vaults:5 | Noticed a dread lich
 51329 | Vaults:5 | Killed a dread lich
 51330 | Vaults:5 | Reached skill level 22 in Spellcasting
 51333 | Vaults:5 | Slain by a golden dragon

Illustrated notes

Levels and vault maps discovered:
D:1:      minmay_arrival_hallway, layout_loops_ring,
          nicolae_ecumenical_lake_church, serial_shops,
          nicolae_shop_tiny_waterfront
D:2:      layout_basic
D:3:      layout_loops_corners, minmay_liquid_box
D:4:      layout_cave_pools, mainiacjoe_overflow_swirl,
          gammafunk_ghost_abyssal_escape, grunt_decor_arrowhead
D:5:      layout_loops_ring, nicolae_gozag_cash_rules_everything_around_me,
          mainiacjoe_sewer_entry_somewhere_in_here_1, kennysheep_generic_room_8
D:6:      layout_loops_ring, mainiacjoe_overflow_brackets
D:7:      layout_cave_pools, nicolae_qazlal_style_of_elements,
          minmay_temple_entry_glassed_door, serial_gnoll_camp,
          gnoll_camp_mini_loothouse, gnoll_camp_huts_moat,
          gnoll_camp_mini_sergeant, gnoll_camp_mini_house, gnoll_camp_medium_02,
          gnoll_camp_mini_shop, uniq_crazy_yiuf_cottage
D:8:      layout_basic, mainiacjoe_overflow_surrounded_room,
          nicolae_yredelemnul_ghost_church, uniq_gastronok, uniq_amaemon
D:9:      layout_grid_maze, trog_antimagical, st_stairs_14
D:10:     layout_cave_pods, overflow_temple_1_default,
          due_lair_maze_entry_diamond, orc_0_dummy, serial_glass,
          glass_columns_a, glass_columns_b, guppyfry_early_elven_hall,
          uniq_nergalle, uniq_lodul, uniq_erica
D:11:     layout_gridville, minmay_misc_feat_hallway
D:12:     layout_basic
D:13:     layout_roguey, portal_ice_cave_entry_ice_simulacra, feat_on_display
D:14:     layout_loops_ring, grunt_vaults_entry_fortified,
          hangedman_abyss_or_decor_clamps, nicolae_titane, uniq_josephine
D:15:     grunt_enter_depths_magical_seal, layout_cave_pools,
          serial_library_hellmonk_angled_corner
Temple:   dshaligram_water_room_temple
Lair:1:   layout_gridlike, serial_bayou_pond_a, grunt_megastairs_1
Lair:2:   statuecave_lemuel, layout_gridlike, nicolae_shoals_entry_flooding,
          infiniplex_staircase_pool, uniq_maggie
Lair:3:   layout_layer_cave, nicolae_snake_entry_warm_welcome,
          grunt_megastairs_2, serial_bayou_shore_a
Lair:4:   layout_cave_pods
Lair:5:   minmay_lair_end_frog_pond, layout_cave_pods, dpeg_slime_entry_corner,
          nicolae_volcano_entry_lava_flow, serial_bayou_crossing
Shoals:1: nicolae_shoals_island_circles, layout_shoals, nicolae_shoals_gull_way
Shoals:2: layout_shoals, nicolae_shoals_lost_giant_amphitheater, uniq_jorgrun
Shoals:3: layout_shoals
Shoals:4: shoals_end_hellmonk_holy_island, uniq_polyphemus
Snake:1:  layout_grid_maze, hellmonk_ghost_happy_afterlife, grunt_ministairs_10
Snake:2:  layout_basic, serial_shops, shop,
          serial_library_hellmonk_small_corner, grunt_ministairs_11
Snake:3:  layout_rooms, gammafunk_ghost_arena, serial_shops, shop_statue,
          nicolae_shop_clearance
Snake:4:  snake_pit, layout_chambers, serial_library_hellmonk_octagon,
          uniq_bai_suzhen, uniq_saint_roka
Orc:1:    layout_caves
Orc:2:    grunt_orc_community_town_hall, layout_diamond_mine,
          grunt_orc_community_big_house_2, grunt_orc_community_big_house_1,
          grunt_orc_community_house_1, grunt_orc_community_house_3,
          grunt_orc_community_house_2, grunt_orc_community_house_2,
          grunt_orc_community_house_3, nicolae_orc_hostile_takeover
Vaults:1: nicolae_vaults_stepped_doors, nicolae_vaults_frosty_reception,
          hangedman_vaults_nodes, nicolae_vaults_weapon_check,
          nicolae_vaults_turnstiles, nicolae_vaults_mini_display_case,
          ontoclasm_vaults_twist, gammafunk_the_bubble
          [the_bubble_gammafunk_crates], nicolae_vaults_layer_cake_slice,
          nicolae_vaults_little_squares_6, layout_vaults_omnicross,
          serial_shops, shop
Vaults:2: portal_desolation_entry_nicolae_slug,
          nicolae_vaults_closet_pinwheel_1, nicolae_vaults_octothorpe,
          vaults_room_hallway, v_misc_14, nicolae_vaults_door_testing_chamber,
          nicolae_vaults_storage_closets_3, layout_vaults_omnigrid, uniq_norris
Vaults:3: nicolae_vaults_antechamber_and_loot_room,
          nicolae_vaults_lightning_bolt, nicolae_vaults_network_square,
          nicolae_vaults_trapezoid_layered, hangedman_vaults_slice,
          grunt_vaults_funnel, nicolae_vaults_apartment_2, v_misc_2,
          nicolae_vaults_sesquioval_fish, ontoclasm_vaults_hangar,
          minmay_crypt_entry_skeletal_spiral, v_misc_26,
          nicolae_vaults_rhombus_6, layout_vaults_ring,
          nicolae_trove_entry_columns, uniq_sojobo
Vaults:4: v_misc_13, nicolae_vaults_specimen_jars,
          nicolae_vaults_trapezoid_lopsided_1,
          nicolae_vaults_trapezoid_lopsided_2, nicolae_vaults_shock_wave,
          vaults_dpeg_diagonal, nicolae_vaults_closet_pinwheel_4, v_misc_5,
          ontoclasm_vaults_shuriken, layout_vaults_omnibox, uniq_margery
Vaults:5

Skill      XL: |  1  2  3  4  5  6  7  8  9 10 11 12 13 14 15 16 17 18 19 20 21 22 |
---------------+-------------------------------------------------------------------+-----
Earth Magic    | 4 5 6 7 8 16 17 19 21 | 21.3
Conjurations   | 2 3 4 5 7 |  7.3
Fighting       | 2 4 5 8 10 | 10.3
Spellcasting   | 4 6 9 12 13 14 15 16 17 19 21 22 | 22.1
Ice Magic      | 2 7 9 |  9.0
Stealth        | 4 |  4.0
Maces & Flails | 1 4 |  4.8
Summonings     | 5 9 12 16 17 18 19 | 19.3
Evocations     | 2 |  2.2
Short Blades   | |  0.5
Polearms       | |  0.3
Throwing       | |  0.1
Dodging        | |  1.5
Translocations | |  0.1
Alchemy        | |  0.2

Action                     |  1- 3 |  4- 6 |  7- 9 | 10-12 | 13-15 | 16-18 | 19-21 | 22-24 || total
---------------------------+-------+-------+-------+-------+-------+-------+-------+-------++-------
  Melee: Short sword       |    36 |    17 |       |       |       |       |       |       ||    53
         Flail             |       |       |    15 |    26 |       |       |       |       ||    41
         Whip              |       |       |       |   174 |   271 |    90 |       |       ||   535
         Staff             |       |       |       |       |       |       |     7 |       ||     7
  Throw: Stone             |       |    12 |     2 |       |       |       |       |       ||    14
         Throwing net      |       |     1 |     1 |       |       |       |       |       ||     2
         Dart              |       |       |       |       |    20 |     5 |     3 |       ||    28
   Cast: Sandblast         |    40 |    72 |    77 |   113 |    33 |     2 |       |       ||   337
         Stone Arrow       |     1 |     3 |    27 |    81 |   113 |    29 |    18 |       ||   272
         Passwall          |       |     2 |     3 |       |       |       |       |       ||     5
         Lee's Rapid Decon |       |       |     3 |    25 |    23 |     7 |    11 |       ||    69
         Leda's Liquefacti |       |       |       |    20 |       |       |       |       ||    20
         Permafrost Erupti |       |       |       |    29 |   231 |   332 |   301 |       ||   893
         Petrify           |       |       |       |       |     8 |       |     1 |       ||     9
         Brom's Barrelling |       |       |       |       |    10 |     1 |       |       ||    11
         Iskenderun's Myst |       |       |       |       |    32 |     3 |    11 |       ||    46
         Animate Armour    |       |       |       |       |    21 |    22 |    11 |       ||    54
         Summon Hydra      |       |       |       |       |       |     6 |    10 |       ||    16
         Shatter           |       |       |       |       |       |       |    34 |     6 ||    40
  Evoke: Wand              |       |       |       |     1 |     7 |     1 |     2 |       ||    11
         Sack of spiders   |       |       |       |       |       |     1 |     1 |       ||     2
    Use: Potion            |       |     6 |     4 |     4 |     5 |     1 |     2 |       ||    22
         Scroll            |       |     3 |     3 |     6 |    13 |    10 |     6 |     1 ||    42
   Stab: Sleeping          |     1 |       |       |       |       |       |       |       ||     1
         Petrified         |       |       |       |       |    12 |       |       |       ||    12
         Petrifying        |       |       |       |       |     3 |       |       |       ||     3
         Distracted        |       |       |       |       |       |     1 |       |       ||     1
 Armour: Robe              |    34 |   109 |    94 |   273 |   205 |       |    41 |     5 ||   761
         Leather armour    |       |       |       |       |    80 |       |       |       ||    80
         Fire dragon scale |       |       |       |       |   167 |   181 |    60 |       ||   408
  Dodge: Dodged            |    35 |    33 |    78 |   192 |   237 |    45 |    26 |     2 ||   648

Table legend: (Time is in decaauts)
 A = Elapsed time spent in this place.
 B = Non-inter-level travel time spent in this place.
 C = Inter-level travel time spent in this place.
 D = Time resting spent in this place.
 E = Time spent auto-exploring this place.
 F = Levels seen in this place.
 G = Mean time per level.
                   A        B        C        D        E       F      G
               +--------+--------+--------+--------+--------+-----+--------+
         Total |  51572 |  48764 |   2808 |   3137 |  38972 |  37 | 1393.8 |
       Dungeon |  18176 |  17033 |   1143 |    899 |  13624 |  15 | 1211.7 |
        Temple |    242 |    234 |      8 |    208 |      0 |   1 |  242.0 |
          Lair |  11009 |  10094 |    915 |   1483 |   7068 |   5 | 2201.8 |
        Shoals |   5418 |   5205 |    213 |    202 |   4507 |   4 | 1354.5 |
     Snake Pit |   6153 |   5928 |    225 |    293 |   4922 |   4 | 1538.2 |
  Orcish Mines |   2325 |   2243 |     82 |      0 |   1809 |   2 | 1162.5 |
        Vaults |   7062 |   6840 |    222 |     52 |   6068 |   5 | 1412.4 |
       Volcano |   1184 |   1184 |      0 |      0 |    974 |   1 | 1184.0 |
               +--------+--------+--------+--------+--------+-----+--------+

Top non-repeatable levels by time:
  Lair:4: 2663 daAuts
  Lair:2: 2321 daAuts
Vaults:1: 2241 daAuts
  Lair:3: 2191 daAuts
Vaults:2: 2129 daAuts
  Lair:5: 2042 daAuts
 Snake:4: 1985 daAuts
     D:7: 1899 daAuts
Shoals:4: 1839 daAuts
  Lair:1: 1791 daAuts
   Orc:2: 1784 daAuts
Vaults:3: 1709 daAuts
 Snake:2: 1519 daAuts
 Snake:1: 1475 daAuts
    D:10: 1467 daAuts
